Map: Terraform LE (Void)

Players

SticklerMac

  • Race: Zerg Zerg
  • League: Bronze

Nefarious - Winner!

  • Race: Zerg Zerg
  • League: Bronze

VOD

Have the link to the VOD?

Description

Time

  • Played on: July 23, 2015, 12:12 a.m.
  • Length: 11:20
Show
View Real Time Build Order
Export as new Build Order

SticklerMac Zerg 

Build Orders: Hatch First 

Get SALT Encoding   

  12  0:01  Drone  
  13  0:08  Drone  
  14  0:36  Hatchery  
  13  0:44  Drone  
  14  0:54  Spawning Pool  
  13  1:05  Overlord  
  13  1:08  Drone  
  14  1:28  Extractor  
  14  1:29  Drone  
  14  1:30  Drone x2  
  16  1:43  Queen  
  16  1:46  Drone  
  20  2:01  Drone x2  
  20  2:02  Drone  
  20  2:04  Drone  
  23  2:10  Zergling x2  
  23  2:14  Zergling x2  
  25  2:19  Queen  
  27  2:25  Overlord  
  27  2:32  Metabolic Boost  
  27  2:35  Zergling x2  
  27  2:51  Zergling x2  
  27  2:52  Zergling x6  
  31  2:59  Queen  
  31  3:01  Drone  
  34  3:25  Drone  
  34  3:27  Drone  
  36  3:29  Overlord  
  36  3:30  Hatchery  
  35  3:36  Overlord  
  35  3:54  Roach Warren  
  35  3:55  Extractor  
  32  3:57  Lair  
  32  3:58  Drone  
  32  4:00  Drone  
  34  4:05  Drone  
  35  4:10  Drone x2  
  35  4:13  Extractor  
  35  4:16  Drone  
  37  4:20  Drone  
  37  4:23  Drone  
  39  4:25  Drone  
  39  4:29  Drone  
  41  4:32  Drone  
  42  4:42  Zergling x2  
  42  4:43  Zergling x10  
  48  4:47  Drone x3  
  51  4:53  Overlord  
  51  4:56  Glial Reconstitution  
  50  5:03  Evolution Chamber  
  49  5:10  Roach  
  49  5:13  Roach x2  
  55  5:16  Roach  
  57  5:25  Roach  
  59  5:34  Overlord x3  
  59  5:43  Overlord x2  
  59  5:47  Zerg Missile Weapons Level 1  
  59  5:52  Evolution Chamber  
  59  5:55  Drone  
  59  5:56  Drone  
  60  5:59  Roach  
  60  6:02  Roach  
  64  6:08  Drone  
  64  6:09  Drone  
  64  6:10  Drone  
  67  6:19  Zerg Ground Armor Level 1  
  67  6:22  Tunneling Claws  
  67  6:28  Burrow  
  67  6:29  Drone  
  67  6:31  Overseer  
  68  6:33  Overseer  
  68  6:40  Roach x2  
  68  6:42  Roach  
  68  6:47  Roach  
  76  7:11  Roach  
  76  7:12  Roach x8  
  76  7:14  Roach  
  96  7:16  Drone  
  97  7:29  Roach  
  99  7:38  Zergling x4  
  99  7:40  Overlord x3  
  97  7:48  Roach  
  97  7:49  Roach x3  
  99  7:59  Roach x3  
  99  8:00  Roach  
  107  8:14  Roach x4  
  115  8:23  Zerg Ground Armor Level 2  
  115  8:28  Zerg Missile Weapons Level 2  
  115  8:42  Roach  
  115  8:43  Roach x3  
  123  8:55  Roach x2  
  123  8:56  Overlord x2  
  123  9:16  Roach x2  
  123  9:17  Roach x2  
  131  9:33  Roach x2  
  131  9:50  Roach  
  131  9:51  Roach x3  
  118  10:00  Roach x2  
  87  10:09  Roach  
  73  10:28  Hydralisk Den  
  72  10:31  Roach  
  72  10:32  Roach x4  
  82  10:40  Hatchery  
  81  10:48  Hydralisk Den  
  80  10:51  Infestation Pit  
  80  10:54  Roach x8  
Show
View Real Time Build Order
Export as new Build Order

Nefarious Zerg - Winner!

Build Orders: Pool First 

Get SALT Encoding   

  12  0:02  Drone  
  13  0:10  Drone  
  14  0:14  Extractor  
  14  0:16  Drone  
  15  0:25  Overlord  
  15  0:44  Drone x2  
  15  0:48  Spawning Pool  
  15  0:49  Drone  
  17  1:19  Hatchery  
  16  1:30  Drone  
  16  1:31  Drone x2, Extractor  
  18  1:34  Queen  
  20  1:57  Overlord x2  
  20  2:18  Queen  
  20  2:21  Drone x2  
  24  2:35  Drone  
  24  2:36  Drone  
  26  2:45  Drone x2  
  26  2:49  Metabolic Boost  
  28  2:57  Overlord  
  28  2:58  Overlord  
  28  3:07  Drone x2  
  30  3:16  Drone  
  30  3:17  Roach Warren, Drone  
  31  3:31  Extractor  
  31  3:33  Drone  
  31  3:34  Drone x3  
  33  3:39  Drone  
  33  3:40  Drone  
  36  3:43  Drone x3  
  39  3:56  Zergling x2  
  39  3:57  Zergling x6  
  43  4:07  Extractor  
  43  4:08  Drone  
  43  4:09  Drone x2  
  45  4:10  Extractor  
  45  4:11  Zergling x4  
  46  4:21  Roach x3  
  46  4:23  Overlord x2  
  52  4:29  Overlord x2  
  51  4:56  Hatchery  
  47  5:01  Roach x9  
  65  5:12  Drone  
  65  5:25  Drone x2  
  66  5:28  Lair  
  66  5:34  Roach  
  66  5:35  Roach x7  
  82  5:46  Evolution Chamber  
  82  5:49  Evolution Chamber  
  80  5:52  Drone  
  80  5:53  Drone x3  
  84  6:04  Overlord x4  
  84  6:19  Zerg Missile Weapons Level 1, Zerg Ground Armor Level 1  
  84  6:22  Queen  
  84  6:23  Drone  
  84  6:24  Drone x3  
  90  6:28  Glial Reconstitution  
  90  6:32  Overseer  
  90  6:37  Pneumatized Carapace  
  90  6:48  Drone x3  
  90  6:49  Roach  
  90  6:50  Roach x3  
  101  6:56  Overseer  
  101  7:01  Overlord  
  101  7:02  Overlord  
  101  7:07  Drone x2  
  101  7:08  Drone x3  
  106  7:13  Spine Crawler  
  105  7:18  Hydralisk Den  
  105  7:19  Drone  
  105  7:20  Drone x2  
  105  7:22  Drone x2  
  109  7:24  Drone x2  
  109  7:26  Roach  
  113  7:38  Roach  
  113  7:39  Roach x4  
  117  7:53  Roach x8  
  117  7:54  Roach  
  135  7:59  Queen  
  137  8:19  Roach  
  137  8:24  Overlord x3  
  137  8:25  Overlord x2  
  137  8:28  Zerg Ground Armor Level 2, Zerg Missile Weapons Level 2  
  137  8:30  Hatchery  
  137  8:31  Queen  
  138  8:35  Muscular Augments  
  138  8:50  Spine Crawler  
  137  9:07  Hydralisk x8  
  137  9:08  Hydralisk x4  
  160  9:17  Drone x3, Extractor  
  160  9:18  Drone, Extractor  
  162  9:35  Spine Crawler  
  161  9:49  Drone  
  161  9:50  Drone  
  151  9:54  Hydralisk  
  151  9:55  Hydralisk x9  
  145  10:09  Hydralisk x8  
  157  10:22  Roach x5  
  167  10:34  Spine Crawler  
  166  10:36  Spine Crawler  
  166  10:42  Zergling x2  
  166  10:43  Zergling x20  
  176  11:00  Roach x4  
Tags
 
Add a new tag
Caveats
  • Supply blocks, unpowered buildings, or Contaminate may cause inaccurate times.
  • Supply counts are checked every 10 seconds.